 Dungeon Crawl Stone Soup version 0.31-a0-851-g7ff8af7976 (webtiles) character file.

Game seed: 10886169894374624453

165 Flugkiller the Ruffian (level 5, -9/33 HPs)
             Began as an Octopode Shapeshifter on Oct 6, 2023.
             Mangled by an iguana (13 damage)
             ... on level 4 of the Dungeon.
             The game lasted 00:01:02 (2285 turns).

Flugkiller the Ruffian (Octopode Shapeshifter)      Turns: 2285, Time: 00:01:02

Health: -9/33      AC:  1    Str: 15    XL:     5   Next: 46%
Magic:  5/5        EV: 13    Int: 12    God:
Gold:   153        SH:  0    Dex: 12    Spells: 4/4 levels left

rFire   . .          .
                       - Unarmed
rCold   . . .        (no shield)
rNeg    . . .        (helmet currently unavailable)
rPois   .            (no amulet)
rElec   .            (no ring)
rCorr   .            (no ring)
SInv    .            (no ring)
Will    .....        (no ring)
Stlth   ++           (no ring)
HPRegen 0.25/turn    (no ring)
MPRegen 0.09/turn    (no ring)
                     (no ring)

%: no passive effects
@: beast-form
A: beast (slay +1), almost no armour, amphibious, 8 rings, camouflage 1,
gelatinous body 1, (nimble swimmer 1), tentacles
a: Begin Untransformation


You were on level 4 of the Dungeon.
You were a hulking beast.
You visited 1 branch of the dungeon, and saw 4 of its levels.

You collected 153 gold pieces.

Inventory:

Jewellery
 g - a ring of ice
   (You found it on level 2 of the Dungeon)
Talismans
 b - a beast talisman (active)
 c - a flux talisman
 m - a granite talisman
   (You found it on level 3 of the Dungeon)
Scrolls
 d - 8 scrolls of identify {unknown}
 f - a scroll of vulnerability {unknown}
 h - a scroll of fog {unknown}
 i - 2 scrolls of teleportation {unknown}
 j - a scroll of amnesia {unknown}
 k - a scroll of acquirement {unknown}
Potions
 a - a potion of lignification
 e - a potion of resistance {unknown}
 l - a potion of degeneration {unknown}
 n - a potion of might {unknown}


   Skills:
 - Level 1.0 Fighting
 - Level 2.0 Dodging
 + Level 6.0 Unarmed Combat
 - Level 3.0 Shapeshifting


You had 4 spell levels left.
You didn't know any spells.
Your spell library contained the following spells:

 Spells                   Type           Power      Damage    Failure   Level
 Foxfire                  Conj/Fire      0%         2x1d4     32%         1
 Shock                    Conj/Air       0%         1d3       32%         1
 Slow                     Hex            0%         N/A       32%         1
 Ensorcelled Hibernation  Hex/Ice        0%         N/A       45%         2
 Passwall                 Tmut/Erth      0%         N/A       45%         2
 Swiftness                Air            0%         N/A       69%         3


Dungeon Overview and Level Annotations

Branches:
Dungeon (4/15) Zot: 21724
 Temple: D:4-7

Altars:

Shops:
D:3 [


Innate Abilities, Weirdness & Mutations

You are a hulking beast.
Your limbs bulge with bestial killing power. (Slay +1)
You cannot wear most types of armour.
You are amphibious.
You can wear up to eight rings at the same time.
Your skin changes colour to match your surroundings (Stealth+).
Your rubbery body absorbs attacks. (AC +1, EV +1)
((You are camouflaged when in or above water. (Stealth+)))
You have tentacles for arms and can constrict up to eight enemies at once.


Message History

You constrict the dart slug, but do no damage.
You tentacle-slap the dart slug.
The dart slug is lightly wounded.
You constrict the dart slug, but do no damage.
The dart slug bites you.
You tentacle-slap the dart slug. You squeeze the dart slug.
You kill the dart slug!
No target in view!
You see here a +0 dagger.
There is an escape hatch in the ceiling here.
There is an escape hatch in the ceiling here.
Key pressed, stopping explore.
No target in view!
You see here a giant cockroach corpse.
A bat comes into view.
A ball python comes into view.
Found a scroll labelled WERUON ECRONE.
The helpless ball python fails to defend itself.
You bludgeon the ball python!
You kill the ball python!
A bat is nearby!
A bat is nearby!
The helpless bat fails to defend itself.
You tentacle-slap the bat. You grab the bat. You squeeze the bat.
You kill the bat!
No target in view!
No target in view!
d - 7 scrolls labelled WERUON ECRONE (gained 1)
Found a stone staircase leading up.
No target in view!
There is a stone staircase leading up here.
You see here 3 stones.
You open the door.
There is an open door here.
Things that are here:
a +0 club; an orc skeleton You see here a frilled lizard skeleton.
Key pressed, stopping explore.
Done exploring.
No target in view!
No target in view!
No target in view!
No target in view!
No target in view!
No target in view!
Done exploring.
No target in view!
Done exploring.
There is a stone staircase leading down here.
You climb downwards.
Found 12 gold pieces, a scroll labelled WERUON ECRONE and a rapier.
There is a stone staircase leading up here.
Key pressed, stopping travel.
Unknown command.
d - 8 scrolls labelled WERUON ECRONE (gained 1)
You now have 137 gold pieces (gained 12).
You open the door.
There is an open door here.
A hound comes into view.
The hound barks!
A hound is nearby!
A hound is nearby!
A hound is nearby!
The hound bites you.
You bludgeon the hound! You grab the hound.
The hound is heavily wounded.
You constrict the hound. The hound misses you.
You bludgeon the hound!
You kill the hound!
Your Unarmed Combat skill increases to level 6!
No target in view!
No target in view!
You now have 153 gold pieces (gained 16).
You open the door.
An iguana comes into view.
There is an open door here.
An iguana is nearby!
An iguana is nearby!
The helpless iguana fails to defend itself.
You tentacle-slap the iguana. Your grab misses the iguana.
You tentacle-slap the iguana, but do no damage.
The iguana is moderately wounded.
The iguana bites you!
You completely miss the iguana. You grab the iguana.
The iguana is moderately wounded.
You constrict the iguana, but do no damage.
The iguana hisses menacingly.
The iguana bites you!
You are too injured to fight recklessly!
You tentacle-slap the iguana but do no damage.
You squeeze the iguana.
The iguana is severely wounded.
You constrict the iguana, but do no damage.
The iguana bites you!
* * * LOW HITPOINT WARNING * * *
You tentacle-slap the iguana but do no damage.
The iguana is severely wounded.
You constrict the iguana, but do no damage.
The iguana bites you!
You die...

.....^..... ..........
.......... .........
.........
#.......#####...........
#.......#...#...........
#......h'...#...........
+.....l.#...#...........
#.......#...#...........
#.......#...#...........
#.......#...#...........
#.......#...#...........
.......##...##+###......
.......#.........'......
#.....†...#......


You could see an iguana.

Vanquished Creatures
  A hound (D:4)
  An orc priest (D:3)
  An orc wizard (D:3)
  2 adders (D:2)
  4 dart slugs
  3 orcs (D:3)
  4 endoplasms
  4 giant cockroaches
  3 goblins
  7 hobgoblins
  2 jackals (D:3)
  5 kobolds
  3 quokkas
  2 ball pythons
  5 bats
  3 frilled lizards
  4 rats
54 creatures vanquished.

Notes
Turn   | Place    | Note
-------+----------+-------------------------------------------
     0 | D:1      | Flugkiller the Octopode Shapeshifter began the quest for
                  | the Orb.
     0 | D:1      | Reached XP level 1. HP: 13/13 MP: 1/1
    58 | D:1      | Reached XP level 2. HP: 10/18 MP: 2/2
   711 | D:2      | Reached skill level 4 in Unarmed Combat
   713 | D:2      | Reached XP level 3. HP: 23/23 MP: 3/3
  1244 | D:2      | Got a blackened book
  1251 | D:2      | Reached XP level 4. HP: 28/28 MP: 4/4
  1562 | D:3      | Reached skill level 5 in Unarmed Combat
  1567 | D:3      | Reached XP level 5. HP: 19/33 MP: 5/5
  1569 | D:3      | Found Vetu Jiq's Antique Armour Shop.
  2266 | D:4      | Reached skill level 6 in Unarmed Combat
  2285 | D:4      | Mangled by an iguana

Illustrated notes

Levels and vault maps discovered:
D:1:      lightli_arrival_boilingwater, layout_basic
D:2:      layout_basic
D:3:      layout_basic, serial_shops, nicolae_square_shop
D:4:      old_forge, layout_gridville, minmay_crystal_water, uniq_ijyb,
          uniq_menkaure, uniq_blork_the_orc

Skill      XL: |  1  2  3  4  5 |
---------------+----------------+-----
Unarmed Combat | 4 5 6 |  6.0
Fighting       | |  1.0
Dodging        | |  2.0
Shapeshifting  | |  3.0

Action                     |  1- 3 |  4- 6 || total
---------------------------+-------+-------++-------
  Melee: Unarmed           |    67 |    41 ||   108
         Tentacles         |     9 |    11 ||    20
         Constrict         |    16 |    13 ||    29
         Punch             |     2 |     1 ||     3
   Stab: Sleeping          |     9 |     8 ||    17
 Armour: Skin              |    29 |    15 ||    44
  Dodge: Dodged            |    39 |    11 ||    50

Table legend: (Time is in decaauts)
 A = Elapsed time spent in this place.
 B = Non-inter-level travel time spent in this place.
 C = Inter-level travel time spent in this place.
 D = Time resting spent in this place.
 E = Time spent auto-exploring this place.
 F = Levels seen in this place.
 G = Mean time per level.
                   A        B        C        D        E       F      G
               +--------+--------+--------+--------+--------+-----+--------+
         Total |   2275 |   2207 |     68 |     84 |   1805 |   4 |  568.8 |
       Dungeon |   2275 |   2207 |     68 |     84 |   1805 |   4 |  568.8 |
               +--------+--------+--------+--------+--------+-----+--------+

Top non-repeatable levels by time:
     D:3: 767 daAuts
     D:2: 762 daAuts
     D:1: 706 daAuts
     D:4: 39 daAuts
